 Dungeon Crawl Stone Soup version 0.29.1-15-g9cfb28693d (webtiles) character file.

Game seed: 6021177048769376245

32 buriedalive the Chiller (level 3, -8/24 HPs)
             Began as a Merfolk Ice Elementalist on Feb 28, 2023.
             Mangled by Terence
             ... wielding a +0 trident
              (10 damage)
             ... on level 2 of the Dungeon.
             The game lasted 00:03:16 (1775 turns).

buriedalive the Chiller (Merfolk Ice Elementalist)  Turns: 1775, Time: 00:03:16

Health: -8/24      AC:  3    Str:  7 (8)  XL:     3   Next: 27%
Magic:  6/6        EV: 13    Int: 14 (16) God:
Gold:   62         SH:  0    Dex: 11 (14) Spells: 5/6 levels left

rFire   + . .      SeeInvis .   j - +1 dagger (venom)
rCold   + . .      Faith    .   (no shield)
rNeg    . . .      Spirit   .   a - +0 robe
rPois   +          Reflect  .   (no helmet)
rElec   +          Harm     .   (no cloak)
rCorr   +          Rampage  .   (no gloves)
Will    .....                   g - +0 pair of boots
Stlth   ++........              (no amulet)
HPRegen 0.08/turn               (no ring)
MPRegen 0.10/turn               (no ring)

@: mighty, resistant
A: (nimble swimmer 2), mertail
a: no special abilities


You were on level 2 of the Dungeon.
You visited 1 branch of the dungeon, and saw 2 of its levels.

You collected 62 gold pieces.

Inventory:

Hand Weapons
 d - a +0 dagger
 j - a +1 dagger of venom (weapon)
Armour
 a - a +0 robe (worn)
 g - a +0 pair of boots (worn)
Scrolls
 c - a scroll of identify {unknown}
 f - 2 scrolls of magic mapping {unknown}
Potions
 b - a potion of magic


   Skills:
 + Level 3.9 Dodging
 - Level 2.1 Stealth
 - Level 2.0 Spellcasting
 + Level 5.0 Ice Magic


You had 5 spell levels left.
You knew the following spells:

 Your Spells              Type           Power      Damage    Failure   Level
a - Freeze                Ice            60%        1d8       3%          1

Your spell library contained the following spells:

 Spells                   Type           Power      Damage    Failure   Level
 Frozen Ramparts          Ice            30%        1d5       9%          3
 Ozocubu's Armour         Ice            15%        N/A       9%          3
 Hailstorm                Conj/Ice       8%         3d4       63%         4
 Animate Dead             Necr           1%         N/A       93%         4
 Haunt                    Necr/Summ      0%         N/A       100%        7
 Infestation              Necr           0%         N/A       100%        8


Dungeon Overview and Level Annotations

Branches:
Dungeon (2/15)

Altars:

Shops:
D:2 ?

Annotations:
D:2 Jessica, Terence


Innate Abilities, Weirdness & Mutations

((You are very nimble when in or above water. (Stealth+, EV+, Speed+++)))
Your lower body shifts to a powerful aquatic tail in water.


Message History

Casting: Freeze (safe; 2% risk of failure)
Confirm with . or Enter, or press ? or * to list all spells.
Okay, then.
You hit the jackal but do no damage.
The jackal looks as sick as possible!
The jackal is moderately wounded.
The jackal bites you. The jackal closely misses you.
It was a potion of resistance.
You feel protected.
You kill the jackal!
Terence looks scornfully at you.
Casting: Freeze (safe; 2% risk of failure)
Confirm with . or Enter, or press ? or * to list all spells.
Aiming: Freeze (safe; 2% risk of failure)
Press: ? - help, Shift-Dir - straight line, f - ball python
Aim: a ball python You freeze the ball python.
The ball python is heavily wounded.
The ball python bites you but does no damage.
The ball python closely misses you. Terence closely misses you.
The ball python attacks as you move away!
The ball python misses you. x2
The ball python bites you but does no damage.
The ball python barely misses you.
The ball python attacks as you move away!
The ball python bites you but does no damage.
The ball python closely misses you.
Found a jewelled wooden wand.
You hit the ball python.
You kill the ball python!
Terence hits you with a +0 trident!
* * * LOW HITPOINT WARNING * * *
You closely miss Terence. Terence barely misses you.
It was a potion of might.
You feel very mighty all of a sudden. Terence hits you with a +0 trident.
* * * LOW HITPOINT WARNING * * *
It was a potion of degeneration.
There was something very wrong with that liquid.
You feel weakened.
You feel dopey.
You feel clumsy. Terence hits you with a +0 trident!
You die...

#.....# #.....# #.....#
######## #../..# #......#
#.....# #......# #.....# #..
.# #......# #.....# ##.. .#
#......### #.....# ##..#####.#
#........## #..@..#
#...#......
#.........###..@..#
#.#.#......
#..........####..###
#.#[#...... #..........#
#....###.#..).....
###......(.#
#.##.##........... #.#...∩.##
#)##.##.........##
#.......#####.##.##..#.####.##
##......................###..#
#........###.................


You could see Terence.

Vanquished Creatures
  A worm (D:2)
  4 endoplasms
  4 goblins
  2 hobgoblins (D:1)
  3 jackals (D:2)
  2 quokkas (D:1)
  3 ball pythons
  A bat (D:2)
  2 frilled lizards (D:1)
  2 kobolds
  4 rats (D:1)
28 creatures vanquished.

Notes
Turn   | Place    | Note
-------+----------+-------------------------------------------
     0 | D:1      | buriedalive the Merfolk Ice Elementalist began the quest
                  | for the Orb.
     0 | D:1      | Reached XP level 1. HP: 13/13 MP: 3/3
   631 | D:1      | Reached XP level 2. HP: 13/19 MP: 3/5
  1230 | D:1      | Found a faded altar of an unknown god.
  1250 | D:1      | Got Plato's Incunabulum of Snow
  1624 | D:2      | Noticed Jessica
  1659 | D:2      | Reached XP level 3. HP: 23/24 MP: 3/6
  1690 | D:2      | Found Faxutump's Magic Scroll Shoppe.
  1733 | D:2      | Noticed Terence
  1749 | D:2      | Reached skill level 5 in Ice Magic
  1775 | D:2      | Mangled by Terence

Illustrated notes

Levels and vault maps discovered:
D:1:      kilobyte_arrival_exit_the_forest, layout_basic,
          shapermc_ecumenical_altar_rom_forum
D:2:      layout_rooms, serial_shops, shop, basic_altar, uniq_jessica,
          uniq_terence

Skill      XL: |  1  2  3 |
---------------+----------+-----
Dodging        | 3 |  3.9
Ice Magic      | 5 |  5.0
Stealth        | |  2.1
Spellcasting   | |  2.0

Action                   || total
-------------------------++-------
Melee: Unarmed           ||     4
       Dagger            ||    23
 Cast: Freeze            ||    32
  Use: Potion            ||     3
 Stab: Sleeping          ||     4
Armor: Robe              ||    18
Dodge: Dodged            ||    45
